 Dungeon Crawl Stone Soup version 0.18-a0-1788-g92de1ac (webtiles) character file.

11151 Chiseanne the Slinger (level 12, -11/87 HPs)
             Began as a Human Hunter on Apr 20, 2016.
             Was an Initiate of Gozag.
             Killed from afar by Josephine (43 damage)
             ... with a ghostly fireball
             ... on level 11 of the Dungeon.
             The game lasted 01:28:42 (13664 turns).

Chiseanne the Slinger (Human Hunter)               Turns: 13664, Time: 01:28:43

Health: -11/87     AC: 14    Str: 13    XL:     12   Next: 4%
Magic:  22/22      EV: 24    Int: 17    God:    Gozag
Gold:   378        SH: 14    Dex: 18    Spells: 0 memorised, 11 levels left

rFire  + . .     SeeInvis .     e - +2 hunting sling (evade)
rCold  . . .     Gourm    .     j - +3 leather armour {rPois}
rNeg   . . .     Faith    .     g - +2 buckler
rPois  +         Spirit   .     I - +3 hat of Pondering {ponderous, MR+ MP+10 Int+5}
rElec  .         Dismiss  .     k - +2 cloak
rCorr  .         Reflect  +     D - +0 pair of gloves
SustAt .         Harm     .     (no boots)
MR     ++...                    U - +5 amulet of reflection
Stlth  ++........               T - ring of protection from fire
                                m - ring of protection from magic

@: slow, very resistant to hostile enchantments, unstealthy
A: no striking features
a: Potion Petition, Call Merchant, Bribe Branch, Renounce Religion


You were on level 11 of the Dungeon.
You worshipped Gozag.
Gozag was noncommittal.
You were full.

You visited 2 branches of the dungeon, and saw 12 of its levels.
You also visited: Ossuary.

You collected 2328 gold pieces.
You spent 1455 gold pieces at shops.
You paid 495 gold pieces to Gozag.

Inventory:

Hand Weapons
 a - a +2 scimitar of flaming
 e - a +2 hunting sling of evasion (weapon)
 s - a +2 hand axe of freezing
 w - a +0 blowgun
Missiles
 b - 518 stones
 d - 62 sling bullets (quivered)
 i - 50 poisoned needles
 t - 27 tomahawks
 u - 15 throwing nets {!*}
 B - 4 tomahawks of dispersal
Armour
 g - a +2 buckler (worn)
 j - a +3 leather armour of poison resistance (worn)
 k - a +2 cloak (worn)
 D - a +0 pair of gloves (worn)
 F - the +2 cloak of the Thief {+Fog Slay-2 SInv Stlth+}
   (You found it on level 6 of the Dungeon)

   It affects your accuracy and damage with ranged weapons and melee attacks
   (-2).
   It lets you see invisible.
   It can be evoked to emit clouds of fog.
   It makes you more stealthy.
 I - the +3 hat of Pondering (worn) {ponderous, MR+ MP+10 Int+5}
   (You took it off Gastronok on level 9 of the Dungeon)

   It affects your intelligence (+5).
   It affects your resistance to hostile enchantments.
   It affects your magic capacity (+10).
Magical Staves
 p - an uncursed staff of summoning
Jewellery
 m - a ring of protection from magic (left hand)
 o - an uncursed ring of ice
 T - a ring of protection from fire (right hand)
 U - a +5 amulet of reflection (around neck)
Wands
 O - a wand of digging (9/24)
Scrolls
 q - a scroll of immolation
 v - 6 scrolls of teleportation
 x - 3 scrolls of blinking
 y - 5 scrolls of remove curse
 L - 7 scrolls of identify
 M - 2 scrolls of magic mapping
 Q - 2 scrolls of amnesia
 R - a scroll of holy word
 W - 2 scrolls of fear
Potions
 h - a potion of cancellation
 n - 2 potions of might
 z - 2 potions of heal wounds
 A - 2 potions of haste
 C - 5 potions of invisibility
 E - 2 potions of resistance
 G - 3 potions of flight
 H - 4 potions of brilliance
 J - 2 potions of ambrosia
 N - 4 potions of curing
Books
 l - an Akashic Record

   Spells                             Type                      Level
   a - Dispersal                      Translocation                6
   b - Malign Gateway                 Summoning/Translocation      7
   c - Disjunction                    Translocation                8
   d - Controlled Blink               Translocation                8
 P - a book of Alchemy

   Spells                             Type                      Level
   a - Sublimation of Blood           Necromancy                   2
   b - Ignite Poison                  Fire/Transmutation/Poison    3
   c - Petrify                        Transmutation/Earth          4
   d - Alistair's Intoxication        Transmutation/Poison         5
   e - Irradiate                      Conjuration/Transmutation    5
 V - a book of Clouds

   Spells                             Type                      Level
   a - Mephitic Cloud                 Conjuration/Poison/Air       3
   b - Conjure Flame                  Conjuration/Fire             3
   c - Poisonous Cloud                Conjuration/Poison/Air       6
   d - Freezing Cloud                 Conjuration/Ice/Air          6
   e - Ring of Flames                 Charms/Fire                  7
 X - a book of Enchantments

   Spells                             Type                      Level
   a - Cause Fear                     Hexes                        4
   b - Yara's Violent Unravelling     Hexes/Transmutation          5
   c - Silence                        Hexes/Air                    5
   d - Deflect Missiles               Charms/Air                   6
   e - Haste                          Charms                       6
   f - Discord                        Hexes                        8
 Y - a book of Unlife

   Spells                             Type                      Level
   a - Recall                         Summoning/Translocation      3
   b - Animate Dead                   Necromancy                   4
   c - Control Undead                 Necromancy                   4
   d - Cigotuvi's Embrace             Necromancy                   5
   e - Death Channel                  Necromancy                   6
   f - Simulacrum                     Ice/Necromancy               6
 Z - a book of Debilitation

   Spells                             Type                      Level
   a - Corona                         Hexes                        1
   b - Slow                           Hexes                        2
   c - Gell's Gravitas                Hexes/Translocation          3
   d - Inner Flame                    Hexes/Fire                   3
   e - Cause Fear                     Hexes                        4
   f - Leda's Liquefaction            Hexes/Earth                  4
Comestibles
 c - 10 meat rations
 f - 5 bread rations
 K - a slice of pizza
 S - 4 fruits


   Skills:
 - Level 5.8 Fighting
 * Level 10.3 Slings
 - Level 7.1 Armour
 * Level 9.5 Dodging
 - Level 1.0 Stealth
 * Level 8.9 Shields


You had 11 spell levels left.
You didn't know any spells.

Dungeon Overview and Level Annotations

Branches:
Dungeon (11/15)            Temple (1/1) D:5
   Lair: D:8-11         Orc: D:9-12

Altars:
Ashenzari
Cheibriados
Dithmenos
Elyvilon
Fedhas
Gozag
Kikubaaqudgha
Makhleb
Nemelex Xobeh
Okawaru
Pakellas
Qazlal
Ru
Sif Muna
Trog
Vehumet
Xom
Yredelemnul
Zin
The Shining One

Shops:
D:5 (=!*=   D:6 *   D:10 [


Message History

The ghostly flame explodes!
The ghostly fireball engulfs you!
The ghostly fireball engulfs Josephine.
Josephine partially resists.
The ghostly fireball engulfs Josephine.
Josephine partially resists.
The ghostly fireball engulfs the wraith.
The wraith completely misses you.
Josephine hits Josephine with a dagger.
You hear a shout! x2
Firing (i - inventory. (,) - cycle):
d - 63 sling bullets (quivered)
Press: ? - help, Shift-Dir - straight line, f/p - Josephine
Aim: Josephine, wielding a dagger and wearing a robe (almost dead)
You shoot a sling bullet. The sling bullet hits Josephine.
Josephine is almost dead.
The wraith hits Josephine!
Josephine dies!
Josephine's corpse shimmers and vanishes!
You block the wraith's attack.
Josephine points at you and mumbles some strange words.
The ghostly flame explodes!
The ghostly fireball engulfs you!
You die...
Your body crumbles into a pile of gold.

#.(...... #.......#
..>((..# ....o.# $
(....# #(W..#####
#WW.......
#@@..5.... $
#(........... #.
#......(.....# #.
#.#######....# #.
#.# #....# #. #.#
#....#####. #.#
#..........
#.#######..........
#..................


You could see Josephine, 3 wraiths, a crimson imp and an orc.

Vanquished Creatures
  Gastronok (D:9)
  A hydra (D:8)
  Erolcha (D:8)
  Erica (D:9)
  Pikel (D:7)
  A naga mage (D:9)
  A centaur skeleton (D:10)
  A wraith (D:11)
  5 yaks
  2 hippogriffs (D:9)
  Menkaure (D:7)
  2 water moccasins (D:9)
  A sky beast (D:9)
  An orc warrior (D:6)
  A black bear (D:11)
  4 ogres
  2 ice beasts
  A phantom (D:4)
  A necrophage (D:6)
  3 centaurs
  5 big kobolds
  11 giant frogs
  A water moccasin zombie (D:7)
  A wyvern skeleton (D:10)
  A scorpion (D:6)
  11 killer bees
  3 wights (D:9)
  A howler monkey (D:10)
  5 crimson imps
  3 centaur zombies
  A hound (D:6)
  4 jellies
  5 orc priests
  19 orc wizards
  A giant frog skeleton (D:10)
  Ijyb (D:3)
  3 iguanas
  6 worker ants
  2 sheep (D:8)
  3 big kobold zombies (Ossuary)
  A hound zombie (D:5)
  A hound skeleton (D:10)
  6 mummies (Ossuary)
  2 worker ant zombies
  Robin (D:4)
  15 adders
  7 gnolls
  An ooze (D:5)
  A dart slug (D:3)
  4 giant geckos
  40 orcs
  3 ball pythons
  3 giant cockroaches
  32 goblins
  4 hobgoblins
  9 jackals
  4 quokkas
  5 bats
  A giant cockroach zombie (D:5)
  8 giant newts
  5 hobgoblin zombies (Ossuary)
  18 kobolds
  6 rats
296 creatures vanquished.

Vanquished Creatures (others)
  2 centaurs (D:8)
  A giant frog zombie (D:9)
  2 orc wizards
  A worker ant (D:7)
  A kobold (D:7)
  A plant (D:5)
8 creatures vanquished.

Grand Total: 304 creatures vanquished

Notes
Turn   | Place    | Note
--------------------------------------------------------------
     0 | D:1      | Chiseanne the Human Hunter began the quest for the Orb.
     0 | D:1      | Reached XP level 1. HP: 16/16 MP: 1/1
   238 | D:1      | Reached XP level 2. HP: 22/22 MP: 2/2
   681 | D:1      | Reached XP level 3. HP: 28/28 MP: 3/3
  1014 | D:2      | Reached XP level 4. HP: 26/34 MP: 4/4
  1731 | D:2      | Reached XP level 5. HP: 41/41 MP: 5/5
  1880 | D:3      | Found a stormy altar of Qazlal.
  1950 | D:3      | Noticed Ijyb
  1987 | D:3      | Killed Ijyb
  2095 | D:3      | Found an oddly glowing altar of Pakellas.
  2450 | D:3      | Reached skill level 1 in Shields
  2466 | D:3      | Reached XP level 6. HP: 39/47 MP: 6/6
  2657 | D:4      | Found a sand-covered staircase.
  2661 | Ossuary  | Entered an ossuary
  3344 | Ossuary  | Reached skill level 5 in Slings
  3344 | Ossuary  | Reached skill level 1 in Armour
  3344 | Ossuary  | Reached XP level 7. HP: 43/52 MP: 7/7
  4821 | D:4      | Noticed Robin
  4903 | D:4      | Killed Robin
  5076 | D:4      | Reached XP level 8. HP: 51/60 MP: 8/8
  5234 | D:5      | Entered Level 5 of the Dungeon
  5248 | D:5      | Found Haluoh's Assorted Antiques.
  5306 | D:5      | Bought a scroll labeled NOISHR TAUV for 28 gold pieces
  5349 | D:5      | Found Xirhad's Weapon Shop.
  5406 | D:5      | Found Heijag's Distillery.
  5963 | D:5      | Reached skill level 6 in Slings
  5981 | D:5      | Found an iron altar of Okawaru.
  6011 | D:5      | Reached skill level 5 in Fighting
  6022 | D:5      | Found a shadowy altar of Dithmenos.
  6024 | D:5      | Found a shattered altar of Ashenzari.
  6036 | D:5      | Found Pokloon's Jewellery Emporium.
  6050 | D:5      | Bought a cursed amulet of inaccuracy for 28 gold pieces
  6122 | D:5      | Found a staircase to the Ecumenical Temple.
  6141 | Temple   | Entered the Ecumenical Temple
  6364 | Temple   | Became a worshipper of Gozag Ym Sagoz the Greedy
  6454 | D:5      | Reached skill level 5 in Dodging
  6472 | D:5      | Bought a potion of agility for 52 gold pieces
  6472 | D:5      | Bought a potion of invisibility for 104 gold pieces
  6484 | D:5      | Found Keibinuw's Jewellery Shop.
  6535 | D:5      | Bought 18 stones for 23 gold pieces
  6563 | D:5      | Found a glowing golden altar of the Shining One.
  6834 | D:6      | Reached XP level 9. HP: 68/68 MP: 9/9
  7031 | D:6      | Found Kahyza Zimi's Assorted Antiques.
  7044 | D:6      | Bought a scroll labeled BEKONO CEZUPRA for 21 gold pieces
  7044 | D:6      | Bought a scroll labeled EZUXZU DOSOES for 21 gold pieces
  7044 | D:6      | Bought an amethyst potion for 18 gold pieces
  7049 | D:6      | Bought a forked wooden wand for 84 gold pieces
  7416 | D:5      | Bought a potion of flight for 39 gold pieces
  7416 | D:5      | Bought a potion of brilliance for 52 gold pieces
  7416 | D:5      | Bought a potion of flight for 39 gold pieces
  7416 | D:5      | Bought a potion of curing for 39 gold pieces
  7416 | D:5      | Bought a potion of curing for 39 gold pieces
  7453 | D:5      | Bought a +5 amulet of reflection for 350 gold pieces
  7888 | D:7      | Noticed Menkaure
  8287 | D:7      | Reached skill level 7 in Slings
  8473 | D:7      | Killed Menkaure
  8514 | D:7      | Noticed Pikel
  8545 | D:7      | Killed Pikel
  8545 | D:7      | Reached skill level 5 in Armour
  8545 | D:7      | Reached skill level 5 in Shields
  8669 | D:7      | Reached XP level 10. HP: 76/76 MP: 10/10
  8902 | D:5      | Bought a long ivory wand for 112 gold pieces
  8902 | D:5      | Bought a scroll of identify for 56 gold pieces
  8902 | D:5      | Bought a scroll of identify for 56 gold pieces
  9241 | D:8      | Noticed Erolcha
  9252 | D:8      | Killed Erolcha
  9252 | D:8      | Reached skill level 8 in Slings
  9709 | D:8      | Found a deep blue altar of Sif Muna.
  9737 | D:8      | Found an ancient bone altar of Kikubaaqudgha.
  9777 | D:8      | Found a radiant altar of Vehumet.
 10043 | D:8      | Chiseanne: hey
 10176 | D:8      | M4edhros: hi there
 10177 | D:8      | Chiseanne: sup?
 10347 | D:8      | M4edhros: its fine thanks
 10351 | D:8      | M4edhros: much work
 10351 | D:8      | M4edhros: and u?
 10351 | D:8      | Chiseanne: not much..just slacking ;-)
 10455 | D:8      | Noticed a two-headed hydra
 10464 | D:8      | Killed a one-headed hydra
 10464 | D:8      | Reached XP level 11. HP: 63/81 MP: 11/11
 10644 | D:9      | M4edhros: ice dragon armour?
 10644 | D:9      | M4edhros: jeweled?
 10644 | D:9      | Chiseanne: yep :)
 10644 | D:9      | M4edhros: ur goin for it?
 10644 | D:9      | Chiseanne: sure thing
 10644 | D:9      | Chiseanne: could be crap tho
 10644 | D:9      | Chiseanne: but its too tempting
 10779 | D:9      | M4edhros: yep thats right : )
 11067 | D:9      | Reached skill level 9 in Slings
 11092 | D:9      | Noticed Gastronok
 11175 | D:9      | Killed Gastronok
 11351 | D:9      | Chiseanne: hmm ponderous hmmh mm
 11613 | D:9      | Noticed Erica
 12066 | D:9      | Killed Erica
 12415 | D:10     | Entered Level 10 of the Dungeon
 12589 | D:10     | M4edhros: damn
 12589 | D:10     | M4edhros: mate
 12589 | D:10     | M4edhros: good stuff
 12589 | D:10     | Chiseanne: :D
 12589 | D:10     | M4edhros: lol
 12589 | D:10     | Chiseanne: could be a good game
 12589 | D:10     | M4edhros: go for 7reg
 12589 | D:10     | M4edhros: pump dodging
 12589 | D:10     | Chiseanne: can u still use pots?
 12589 | D:10     | M4edhros: and later get shield
 12589 | D:10     | M4edhros: not sure
 12589 | D:10     | Chiseanne: I was thinking the other way around
 12589 | D:10     | Chiseanne: ah no
 12589 | D:10     | Bought a +3 leather armour of poison resistance for 294 gold pieces
 12604 | D:10     | M4edhros: i wonooo
 12604 | D:10     | M4edhros: why
 12604 | D:10     | Chiseanne: lol
 12604 | D:10     | M4edhros: hah
 12604 | D:10     | Chiseanne: thats ok for now ;-)
 12604 | D:10     | M4edhros: that leathr armour sux vs robe of vines
 12604 | D:10     | Chiseanne: I can buy that stuff soon
 12604 | D:10     | M4edhros: like totaly
 12604 | D:10     | Chiseanne: hmm
 12604 | D:10     | Chiseanne: not being able to use pots sucks
 12604 | D:10     | M4edhros: 7reg is good
 12604 | D:10     | Chiseanne: :D
 12604 | D:10     | M4edhros: get regen spell
 12604 | D:10     | Chiseanne: maybe later..got it on list
 12604 | D:10     | M4edhros: and amulet
 12605 | D:10     | M4edhros: and ur healed every turn fo curing pot
 12605 | D:10     | Chiseanne: I was rather thinking using the shield with the reclect amulet
 12623 | D:10     | Chiseanne: thats a lot of damage
 12758 | D:10     | Reached skill level 10 in Slings
 12839 | D:10     | Found a shadowy altar of Dithmenos.
 13436 | D:10     | Reached XP level 12. HP: 87/87 MP: 12/12
 13528 | D:11     | M4edhros: 7 reg
 13530 | D:11     | M4edhros: is big bonus
 13531 | D:11     | M4edhros: for any char any playstyle
 13531 | D:11     | M4edhros: u have also sling of evade
 13531 | D:11     | M4edhros: so u have that ev bonus
 13531 | D:11     | Chiseanne: yah I know
 13531 | D:11     | Chiseanne: its just..having no pots sucks :-/
 13531 | D:11     | Chiseanne: I dunno..how much is that in HP/turn..any clue?
 13643 | D:11     | Chiseanne: its not that Im not interested..hmm hmm
 13643 | D:11     | Chiseanne: lemme check it up
 13643 | D:11     | Chiseanne: 4 HP/turn
 13646 | D:11     | Noticed Josephine
 13664 | D:11     | Killed from afar by Josephine

Vault maps used:
D:1:      erik_arrival_triangle_medium
D:2:      first_bread
D:3:      kennysheep_the_goblin_king, grunt_pakellas_basics, lemuel_round_altar
D:4:      kennysheep_goblin_castle, nicolae_ossuary_entry_false_entrances,
          kennysheep_another_room
D:5:      nicolae_overflow_hidden_temple, minmay_temple_entry_glassed_door,
          serial_shops, shop, shop, shop, shop, shop, serial_bayou_lagoon_a,
          nicolae_tso_swordbearing_angel
D:6:      serial_shops, nicolae_shop_overgrown_old_shop
D:7:      uniq_pikel, uniq_menkaure
D:8:      palyth_temple_overflow_mages, hangedman_ranch,
          kennysheep_generic_room_6, uniq_erolcha
D:9:      minmay_librarian, uniq_gastronok, uniq_erica
D:10:     grunt_dithmenos_smoke_and_mirrors
D:11:     erik_lair_orcish_takeover, uniq_josephine
Temple:   oiseaux_autumnal_temple_12
Ossuary:  ossuary_the_hunt_dpeg

Skill      XL: |  1  2  3  4  5  6  7  8  9 10 11 |
---------------+----------------------------------+-----
Fighting       | 3 4 5 |  5.8
Dodging        | 3 4 5 6 7 9 |  9.5
Shields        | 1 4 5 7 8 |  8.9
Slings         | 5 6 7 8 10 | 10.3
Armour         | 1 2 3 5 7 |  7.1
Stealth        | |  1.0

Action                   |  1- 3 |  4- 6 |  7- 9 | 10-12 || total
-------------------------+-------+-------+-------+-------++-------
Melee: Short sword       |    46 |   192 |   115 |   297 ||   650
       Rapier            |       |       |    33 |       ||    33
       Falchion          |       |       |       |    30 ||    30
       Scimitar          |       |       |       |    53 ||    53
       Hand axe          |       |       |       |    29 ||    29
 Fire: Hunting sling     |    47 |   113 |   475 |   369 ||  1004
       Blowgun           |       |       |     4 |    61 ||    65
Throw: Stone             |       |     1 |       |       ||     1
       Throwing net      |       |       |     4 |     2 ||     6
Invok: Call Merchant     |       |       |       |     1 ||     1
Evoke: Wand              |       |       |       |     6 ||     6
       Phantom mirror    |       |       |       |     1 ||     1
  Use: Scroll            |     6 |     5 |    11 |     8 ||    30
       Potion            |       |     1 |       |     1 ||     2
 Stab: Sleeping          |       |     1 |       |       ||     1
       Held in net/web   |       |     2 |     3 |       ||     5
       Distracted        |       |       |       |     2 ||     2
  Eat: Chunk             |       |     6 |     3 |       ||     9
       Royal jelly       |       |     1 |       |       ||     1
       Beef jerky        |       |       |     3 |     1 ||     4
       Bread ration      |       |       |     2 |     1 ||     3
       Pizza             |       |       |       |     6 ||     6
       Fruit             |       |       |       |     8 ||     8
Armor: Leather armour    |    28 |     9 |       |    65 ||   102
       Ring mail         |       |    48 |   100 |    21 ||   169
Dodge: Dodged            |    48 |    96 |   227 |   278 ||   649
Block: Buckler           |       |    23 |   178 |   304 ||   505
       Reflection        |       |       |     4 |    15 ||    19
